 Dungeon Crawl Stone Soup version 0.30-a0-1122-g620db56ad9 (console) character file.

Game seed: 11736148546420507258

2545 Banquo the Magician (level 9, -1/63 HPs)
             Began as a Djinni Fire Elementalist on Apr 22, 2023.
             Was a Priest of Cheibriados.
             Slain by an orc warlord
             ... wielding a +2 broad axe
              (15 damage)
             ... in a bailey.
             The game lasted 00:31:22 (6470 turns).

Banquo the Magician (Djinni Fire Elementalist)      Turns: 6470, Time: 00:31:24

Health: -1/63      AC: 12    Str: 15    XL:     9   Next: 85%
Gold:   235        EV: 14    Int: 35    God:    Cheibriados [***...] SH:  0 Dex: 28

rFire   + + +        j - +5 war axe
rCold   x . .        (no shield)
rNeg    . . .        E - +7 ring mail "Suong" {*Slow rF+ Regen+}
rPois   ∞            (no helmet)
rElec   .            (no cloak)
rCorr   .            (no gloves)
SInv    .            (boots unavailable)
Will    .....        (no amulet)
Stlth   ++           h - +6 ring of dexterity
HPRegen 1.10/turn    s - +6 ring of intelligence
MPRegen 0.00/turn

%: slow self (1%), infuse magic (-2 HP)
@: flying, very slightly contaminated, very slow
A: sickness immunity, fire resistance 2, cold vulnerability 1, float, innate
caster, HP casting, extra vitality 1
a: Renounce Religion, Bend Time, Temporal Distortion


You were in a bailey.
You worshipped Cheibriados.
Cheibriados was most pleased with you.
You visited 2 branches of the dungeon, and saw 9 of its levels.
You also visited: Bailey.

You collected 368 gold pieces.
You spent 133 gold pieces at shops.

Inventory:

Hand Weapons
 e - a +0 heavy whip
 j - a +5 war axe (weapon)
 l - a +1 whip of flaming
 o - a +4 hand axe
Missiles
 g - 21 boomerangs
 w - 16 poisoned darts
 F - 3 throwing nets
Armour
 b - a +2 scale mail of cold resistance
 f - a scarf of invisibility
 y - the +2 leather armour "Amays" {SInv}
   (You bought it in a shop on level 3 of the Dungeon)

   SInv:      It lets you see invisible.
 B - a +2 leather armour of cold resistance
 E - the +7 ring mail "Suong" (worn) {*Slow rF+ Regen+}
   (You found it on level 6 of the Dungeon)

   rF:        It protects you from fire.
   Regen:     It increases your rate of health regeneration.
   *Slow:     It may slow you when you take damage.
Magical Staves
 i - a staff of earth
Jewellery
 h - a +6 ring of dexterity (left hand)
 s - a +6 ring of intelligence (right hand)
Wands
 a - a wand of acid (2)
 x - a wand of flame (55)
 D - a wand of digging (5)
Scrolls
 c - 2 scrolls of immolation
 n - a scroll of blinking {unknown}
 q - a scroll of magic mapping
 u - a scroll of acquirement
 v - 7 scrolls of teleportation
 C - a scroll of fear {unknown}
 G - a scroll of butterflies {unknown}
Potions
 d - 2 potions of might
 k - 2 potions of curing
 m - 3 potions of cancellation
 p - a potion of ambrosia {unknown}
 r - 4 potions of brilliance
 t - 2 potions of resistance {unknown}
 z - a potion of heal wounds {unknown}
 A - a potion of lignification {unknown}


   Skills:
 * Level 4.7 Fighting
 * Level 3.0 Armour
 * Level 4.8 Dodging
 - Level 1.5 Stealth
 + Level 7.8 Spellcasting
 * Level 3.6 Invocations


You knew the following spells:

 Your Spells              Type           Power      Damage    Failure   Level
a - Slow                  Hex            100%       N/A       1%          1
b - Volatile Blastmotes   Fire/Tloc      100%       2d18      1%          3
c - Scorch                Fire           100%       2d9       1%          2
d - Inner Flame           Hex/Fire       62%        N/A       1%          3
e - Wereblood             Tmut           62%        N/A       1%          2
f - Ensorcelled Hibernat  Hex/Ice        100%       N/A       1%          2
g - Ignite Poison         Fire/Tmut/Pois 62%        N/A       1%          3
w - Flame Wave            Conj/Fire      62%        2d14      2%          4
z - Foxfire               Conj/Fire      100%       2x1d9     1%          1
Your spell library was empty.

Dungeon Overview and Level Annotations

Branches:
Dungeon (8/15)             Temple (1/1) D:4          Bailey (1/1)
   Lair: D:8-11

Altars:
Ashenzari
Cheibriados
Dithmenos
Elyvilon
Gozag
Hepliaklqana
Makhleb
Okawaru
Qazlal
Trog
Xom
Yredelemnul
Zin
The Shining One

Shops:
D:3 ([!!:   D:6 (

Annotations:
D:3 1 runed translucent door, 2 exclusions, Crazy Yiuf, Sigmund
D:7 2 transporters, exclusion: oklob plant, Olga's ghost, novice NaFi


Innate Abilities, Weirdness & Mutations

You are immune to sickness and miasma.
You are immune to poison.
Your flesh is very heat resistant. (rF++)
You are vulnerable to cold. (rC-)
You float through the air rather than walking.
You learn spells naturally, not from books.
Your magical power is your life essence.
You have superior vitality. (+4 MHP)


Message History

Press: ? - help, v - describe, . - travel
Here: an orc warlord, wielding a +2 broad axe and wearing a +0 chain mail (steam, moderately wounded)
The floor.
Unknown command.
Unknown command.
Unknown command.
Unknown command.
Okay, then.
Unknown command.
Unknown command.
Unknown command.
Casting: Scorch (safe; 1% risk of failure)
Confirm with . or Enter, or press ? or * to list all spells.
Casting: Flame Wave (dangerous; 2% risk of failure)
Press: ? - help, Dir - look around, f - activate A wave of flame ripples out!
The flame wave engulfs the orc warlord.
The orc warlord is moderately wounded. (Press . to intensify the flame waves.)
The orc warlord hits you but does no damage.
Unknown command.
A wave of flame ripples out!
The flame wave engulfs the orc warlord!
The orc warlord is moderately wounded.
The orc warlord hits you but does no damage.
Unknown command.
A wave of flame ripples out!
The flame wave engulfs the orc warlord!
The orc warlord is heavily wounded.
You finish channelling waves of flame.
The orc warlord hits you with a +2 broad axe!!
* * * LOW HITPOINT WARNING * * *
Unknown command.
Casting: Flame Wave (dangerous; 2% risk of failure)
Confirm with . or Enter, or press ? or * to list all spells.
Casting: Flame Wave (dangerous; 2% risk of failure)
Press: ? - help, Dir - look around, f - activate A wave of flame ripples out!
The flame wave engulfs the orc warlord!
The orc warlord is heavily wounded. (Press . to intensify the flame waves.)
* * * LOW HITPOINT WARNING * * *
The orc warlord hits you with a +2 broad axe!
You die...

♣♣♣ ♣♣♣♣♣ ♣♣♣∩♣♣♣
♣♣≈≈≈#####♣♣♣.....♣♣♣#####
♣♣≈≈≈##...##.........##...##
♣≈≈≈##.....##.......##.....##
≈≈≈##...8...##~~~~~##.......##
≈≈##.........#§§§§§#...8..8..##
≈≈#..........#§§§§§#..........#
≈≈#..8..8...)÷§§@o§'[.........#
≈≈#........#########......8...#
≈≈##......##~~~#~~~####......##
).)##.....#~=.....~#~~#.....##
....##....#g?........~#....##
..)..#....##8.8...8.8~##...#
.....÷)....#.........~~'...#
)∩..)'.....#....∩....~~'...#
....)')....#.........~~'...#


You could see an orc warlord.

Vanquished Creatures
  Pikel (D:8)
  A water moccasin (D:5)
  4 orc warriors (Bailey)
  An ogre (D:5)
  An ice beast (D:7)
  A phantom (D:6)
  3 lemures (D:8)
  A kobold brigand (D:6)
  4 scorpions
  5 wights (D:7)
  2 howler monkeys (D:6)
  4 hounds
  3 orc priests
  2 gnoll boudas
  A jelly (D:6)
  2 sleepcaps (D:7)
  3 iguanas
  2 orc wizards
  3 adders
  8 gnolls
  An ufetubus (D:5)
  2 worms
  2 dart slugs (D:1)
  21 orcs
  5 ball pythons
  7 bats
  5 endoplasms
  3 giant cockroaches
  13 goblins
  8 hobgoblins
  10 jackals
  A quokka (D:1)
  4 frilled lizards
  31 kobolds
  11 rats
176 creatures vanquished.

Vanquished Creatures (others)
  444 foxfires
  9 plants (D:2)
453 creatures vanquished.

Grand Total: 629 creatures vanquished

Notes
Turn   | Place    | Note
-------+----------+-------------------------------------------
     0 | D:1      | Banquo the Djinni Fire Elementalist began the quest for the
                  | Orb.
     0 | D:1      | Banquo set off with the following spells memorised:
                  | Foxfire, Scorch, Volatile Blastmotes, Inner Flame, Flame
                  | Wave.
     0 | D:1      | Reached XP level 1. HP: 15/15 MP: 0/0
   166 | D:1      | Reached XP level 2. HP: 21/22 MP: 0/0
   482 | D:1      | Reached skill level 3 in Spellcasting
   500 | D:1      | Reached XP level 3. HP: 24/26 MP: 0/0
   500 | D:1      | Learned a level 1 spell: Slow
   632 | D:1      | Reached skill level 1 in Fighting
   884 | D:2      | Reached XP level 4. HP: 18/32 MP: 0/0
  1608 | D:3      | Found Nasicsasm's Distillery.
  1656 | D:3      | Found a runed translucent door.
  1657 | D:3      | Noticed Crazy Yiuf
  1742 | D:3      | Reached XP level 5. HP: 32/37 MP: 0/0
  1742 | D:3      | Learned a level 2 spell: Wereblood
  1802 | D:3      | Found Aclasmecuc's Book Boutique.
  1838 | D:3      | Found Qeawaer's Distillery.
  1865 | D:3      | Found Tiche's Weapon Emporium.
  2044 | D:3      | Found a bloodstained altar of Trog.
  2142 | D:3      | Noticed Sigmund
  2218 | D:3      | Found Ram Tutz's Antique Armour Boutique.
  2594 | D:4      | Reached skill level 4 in Spellcasting
  2721 | D:4      | Found a staircase to the Ecumenical Temple.
  2730 | Temple   | Entered the Ecumenical Temple
  2961 | Temple   | Became a worshipper of Cheibriados the Contemplative
  3515 | D:5      | Entered Level 5 of the Dungeon
  3611 | D:5      | You are sucked into a shaft and drop 1 floor!
  3688 | D:6      | Noticed a kobold brigand
  3709 | D:6      | Killed a kobold brigand
  3710 | D:6      | Reached XP level 6. HP: 34/44 MP: 0/0
  3821 | D:6      | Reached skill level 5 in Spellcasting
  3827 | D:6      | Reached XP level 7. HP: 39/49 MP: 0/0
  3827 | D:6      | Learned a level 2 spell: Ensorcelled Hibernation
  3907 | D:6      | Found Alipompi's Antique Weapon Shoppe.
  4002 | D:5      | Reached * piety under Cheibriados
  4054 | D:5      | Reached skill level 1 in Invocations
  4061 | D:5      | Noticed a water moccasin
  4068 | D:5      | Killed a water moccasin
  4072 | D:5      | Reached XP level 8. HP: 48/56 MP: 0/0
  4128 | D:3      | Bought a pitted leather armour for 133 gold pieces
  4128 | D:3      | Identified the +2 leather armour "Amays" {SInv} (You bought
                  | it in a shop on level 3 of the Dungeon)
  4685 | D:5      | Reached skill level 6 in Spellcasting
  4873 | D:6      | Identified the +7 ring mail "Suong" {*Slow rF+ Regen+}
  5030 | D:6      | Reached skill level 1 in Armour
  5142 | D:7      | Found a transporter.
  5142 | D:7      | Found a transporter.
  5171 | D:7      | Noticed a wraith
  5186 | D:7      | Noticed an oklob plant
  5207 | D:7      | Noticed Olga's ghost (novice NaFi)
  5447 | D:7      | Reached ** piety under Cheibriados
  5460 | D:7      | Reached XP level 9. HP: 62/62 MP: 0/0
  5460 | D:7      | Learned a level 3 spell: Ignite Poison
  5682 | D:7      | Reached skill level 7 in Spellcasting
  5976 | D:8      | Noticed Pikel
  5993 | D:8      | Killed Pikel
  6005 | D:8      | Found a flagged portal.
  6050 | Bailey   | Entered a bailey
  6081 | Bailey   | Reached *** piety under Cheibriados
  6115 | Bailey   | Noticed an orc warlord
  6318 | Bailey   | Found a runed translucent gate.
  6320 | Bailey   | Found a runed translucent gate.
  6322 | Bailey   | Found a runed translucent gate.
  6470 | Bailey   | Slain by an orc warlord

Illustrated notes

Levels and vault maps discovered:
D:1:      dpeg_arrival_arbitrary_b, layout_basic
D:2:      layout_rooms, lexackson_kobold_supper
D:3:      layout_loops_ring, mainiacjoe_overflow_surrounded_room, serial_shops,
          nicolae_shop_trees, shop, shop, nicolae_shop_hallway_plus,
          nicolae_shop_real_fake_doors, uniq_crazy_yiuf_cottage, uniq_sigmund
D:4:      layout_layer_cave, temple_fountains
D:5:      layout_basic
D:6:      layout_gridville, serial_shops, kennysheep_mini_moat
D:7:      layout_loops_ring, nzn_ghost_randoct, hangedman_decor_riveting,
          chequers_serial_rivers_large_b
D:8:      layout_basic, vehumet_altar_wand_db, gammafunk_ghost_abyssal_escape,
          enter_bailey_4, serial_shops, nicolae_shop_dealshenge, uniq_joseph,
          uniq_maggie, uniq_pikel, uniq_maurice
Temple:   regret_index_temple_generic_petals
Bailey:   bailey_axe_bossmonster_kennysheep, bailey

Skill      XL: |  1  2  3  4  5  6  7  8  9 |
---------------+----------------------------+-----
Spellcasting   | 3 4 5 6 7 |  7.8
Fighting       | 1 2 3 4 |  4.7
Invocations    | 1 2 3 |  3.6
Dodging        | 3 4 |  4.8
Armour         | 1 3 |  3.0
Stealth        | |  1.5

Action                     |  1- 3 |  4- 6 |  7- 9 || total
---------------------------+-------+-------+-------++-------
  Melee: Whip              |       |       |     1 ||     1
   Cast: Foxfire           |    51 |    86 |   131 ||   268
         Scorch            |    12 |    39 |    75 ||   126
         Flame Wave        |       |     1 |     4 ||     5
         Volatile Blastmot |       |       |     4 ||     4
    Use: Scroll            |       |       |    15 ||    15
 Armour: Robe              |       |     2 |       ||     2
         Ring mail         |       |       |     8 ||     8
  Dodge: Dodged            |       |     5 |    11 ||    16

Table legend: (Time is in decaauts)
 A = Elapsed time spent in this place.
 B = Non-inter-level travel time spent in this place.
 C = Inter-level travel time spent in this place.
 D = Time resting spent in this place.
 E = Time spent auto-exploring this place.
 F = Levels seen in this place.
 G = Mean time per level.
                   A        B        C        D        E       F      G
               +--------+--------+--------+--------+--------+-----+--------+
         Total |   7550 |   6898 |    652 |    138 |   4860 |  10 |  755.0 |
       Dungeon |   6696 |   6094 |    602 |    128 |   4652 |   8 |  837.0 |
        Temple |    271 |    221 |     50 |      0 |    208 |   1 |  271.0 |
        Bailey |    582 |    582 |      0 |     10 |      0 |   1 |  582.0 |
               +--------+--------+--------+--------+--------+-----+--------+

Top non-repeatable levels by time:
     D:7: 1178 daAuts
     D:5: 1060 daAuts
     D:4: 1017 daAuts
     D:3: 1008 daAuts
     D:1: 868 daAuts
     D:6: 749 daAuts
     D:2: 712 daAuts
  Bailey: 582 daAuts
  Temple: 271 daAuts
     D:8: 101 daAuts
